 Dungeon Crawl Stone Soup version 0.23.2-1-ga50397a (webtiles) character file.

Game seed: 14641321068581889454

212 night the Slasher (level 5, 0/46 HPs)
             Began as a Deep Dwarf Fighter on Apr 26, 2019.
             Slain by Natasha (5 damage)
             ... on level 3 of the Dungeon.
             The game lasted 00:05:02 (2056 turns).

night the Slasher (Deep Dwarf Fighter)              Turns: 2056, Time: 00:05:02

Health: 0/46       AC:  8    Str: 20    XL:     5   Next: 58%
Magic:  5/5        EV:  7    Int: 12    God:
Gold:   183        SH:  9    Dex: 12    Spells: 4/4 levels left

rFire    . . .     SeeInvis .   a - +0 long sword
rCold    . . .     Gourm    .   c - +0 shield
rNeg     . . .     Faith    .   u - +0 scale mail
rPois    .         Spirit   .   (no helmet)
rElec    .         Reflect  .   r - +0 cloak
rCorr    .         Harm     .   (no gloves)
MR       .....                  (no boots)
Stlth    ..........             (no amulet)
HPRegen  0.00/turn              g - +3 ring of intelligence
MPRegen  0.09/turn              (no ring)

@: non-regenerating
A: damage resistance, heal wounds, sense surroundings 1, no regeneration
a: Heal Wounds


You were on level 3 of the Dungeon.
You were hungry.

You visited 1 branch of the dungeon, and saw 3 of its levels.

You collected 183 gold pieces.

Inventory:

Hand Weapons
 a - a +0 long sword (weapon)
 b - a +0 dagger
Missiles
 t - 52 stones (quivered)
Armour
 c - a +0 shield (worn)
 r - a +0 cloak (worn)
 u - a +0 scale mail (worn)
Jewellery
 g - a +3 ring of intelligence (left hand)
Scrolls
 e - a scroll of remove curse {unknown}
 h - a scroll of enchant weapon {unknown}
 i - 4 scrolls of identify {unknown}
 j - a scroll of magic mapping {unknown}
 m - a scroll of teleportation {unknown}
 s - 2 scrolls of enchant armour {unknown}
 v - a scroll of noise {unknown}
 w - a scroll of fear {unknown}
Potions
 d - 2 potions of might
 k - a potion of brilliance {unknown}
 l - 2 potions of heal wounds {unknown}
 n - 3 potions of flight {unknown}
 o - a potion of degeneration {unknown}
 p - 2 potions of curing {unknown}
 x - a potion of magic {unknown}
Comestibles
 f - 3 rations
 q - 14 chunks of flesh


   Skills:
 - Level 2.6 Fighting
 + Level 5.9 Long Blades
 - Level 3.2 Armour
 - Level 3.2 Shields


You had 4 spell levels left.
You didn't know any spells.
Your spell library was empty.

Dungeon Overview and Level Annotations

Branches:
Dungeon (3/15)

Altars:

Annotations:
D:3 Natasha


Innate Abilities, Weirdness & Mutations

You are resistant to damage.
You can heal yourself by infusing magical energy.
You passively map a small area around you.
You do not regenerate.


Message History

Natasha is lightly wounded.
Natasha claws you but does no damage. x2
You closely miss Natasha.
Natasha is lightly wounded.
You block Natasha's attack.
You closely miss Natasha.
Natasha is lightly wounded.
Natasha claws you but does no damage.
You slash Natasha!
Natasha is severely wounded.
Natasha stares at you and mumbles some strange words.
The magic dart hits you.
You closely miss Natasha.
Natasha is severely wounded.
You are feeling hungry.
Natasha claws you but does no damage.
Your shield and scale mail prevent you from hitting Natasha.
Natasha is severely wounded.
Natasha claws you!
You die...

##### ################
#...#####........h.....###
,,
..#.............@.).......,
,
....######.#####†#####.###
* .#.## #.# #.# .#.# #.#
#.# * .#.# #.# #.. , * * #
.#)# #.# ### ,,* * , . .#.#
#.# * * ,* .#.# #.# , #,*
...# #.# , , * #.#


You could see Natasha.

Vanquished Creatures
  Natasha (twice) (D:3)
  A hound skeleton (D:2)
  6 adders
  3 dart slugs
  3 leopard geckos
  10 orcs (D:3)
  6 bats
  A giant cockroach (D:3)
  6 goblins
  10 hobgoblins
  2 jackals (D:1)
  A quokka (D:3)
  A ball python (D:3)
  3 frilled lizards (D:2)
  9 kobolds
  22 rats
86 creatures vanquished.

Notes
Turn   | Place    | Note
-------+----------+-------------------------------------------
     0 | D:1      | night the Deep Dwarf Fighter began the quest for the Orb.
     0 | D:1      | Reached XP level 1. HP: 20/20 MP: 1/1
   159 | D:1      | Reached XP level 2. HP: 24/27 MP: 2/2
   191 | D:1      | Reached skill level 3 in Long Blades
   560 | D:1      | Reached XP level 3. HP: 19/33 MP: 3/3
   861 | D:2      | Reached skill level 4 in Long Blades
   965 | D:2      | Reached XP level 4. HP: 9/40 MP: 4/4
  1557 | D:3      | Noticed Natasha
  1571 | D:3      | Killed Natasha
  1571 | D:3      | Reached skill level 5 in Long Blades
  1573 | D:3      | Reached XP level 5. HP: 20/46 MP: 5/5
  1628 | D:3      | Noticed Natasha
  1636 | D:3      | Killed Natasha
  2039 | D:3      | Noticed Natasha
  2056 | D:3      | Slain by Natasha

Skill      XL: |  1  2  3  4 |
---------------+-------------+-----
Long Blades    | 3 4 5 |  5.9
Fighting       | |  2.6
Armour         | |  3.2
Shields        | |  3.2

Action                   |  1- 3 |  4- 6 || total
-------------------------+-------+-------++-------
Melee: Long sword        |   136 |   152 ||   288
 Abil: Heal Wounds       |       |     1 ||     1
  Eat: Chunk             |     1 |     3 ||     4
Armor: Scale mail        |    60 |    58 ||   118
Dodge: Dodged            |    44 |    51 ||    95
Block: Shield            |    66 |    81 ||   147
       Rpst.: Long sword |    15 |    22 ||    37
